 Dungeon Crawl Stone Soup version 0.28-a0-1389-gc726bef33b (webtiles) character file.

Game seed: 9730809551671081765

3896 Gwenloh the Cleaver (level 10, -1/79 HPs)
             Began as a Formicid Abyssal Knight on Jan 3, 2022.
             Was an Elder of Lugonu.
             Slain by a seven-headed hydra (2 damage)
             ... on level 1 of the Lair of Beasts on Jan 4, 2022.
             The game lasted 00:25:56 (10124 turns).

Gwenloh the Cleaver (Formicid Abyssal Knight)      Turns: 10124, Time: 00:25:56

Health: -1/79      AC: 18    Str: 18    XL:     10   Next: 43%
Magic:  10/15      EV: 12    Int: 10    God:    Lugonu [****..]
Gold:   441        SH:  5    Dex: 19    Spells: 9/9 levels left

rFire   x . .      SeeInvis +   a - +9 mace "Impslayer" {vorpal, rCorr Dex+4}
rCold   + + .      Faith    .   (no shield)
rNeg    . . .      Spirit   .   c - +0 ice dragon scales
rPois   +          Reflect  +   (helmet unavailable)
rElec   .          Harm     .   x - +0 cloak of Lust {Rampage}
rCorr   +          Rampage  +   s - +0 pair of gloves
Will    +....                   (no boots)
Stlth   ..........              F - amulet of reflection
HPRegen 0.23/turn               k - +4 ring of protection
MPRegen 0.14/turn               E - ring of poison resistance

@: no status effects
A: permanent stasis, dig shafts and tunnels, antennae 3, four strong arms
a: Dig, Shaft Self, Renounce Religion, Depart the Abyss, Bend Space, Banish,
Corrupt


You were on level 1 of the Lair of Beasts.
You worshipped Lugonu.
Lugonu was greatly pleased with you.
You visited 3 branches of the dungeon, and saw 10 of its levels.
You visited the Abyss 1 time.

You collected 541 gold pieces.
You spent 100 gold pieces at shops.

Inventory:

Hand Weapons
 a - the +9 mace "Impslayer" (weapon) {vorpal, rCorr Dex+4}
   (You found it on level 2 of the Dungeon)

   It inflicts extra damage upon your enemies.
   Dex:       It affects your dexterity (+4).
   rCorr:     It protects you from acid and corrosion.
 b - a +0 hunting sling
 i - a +3 spear
 r - a +1 hand axe
 y - a +0 battleaxe
 L - a +0 broad axe
Missiles
 e - 64 bolts
 h - 61 sling bullets
 q - 289 stones
 w - 6 boomerangs (quivered)
Armour
 c - +0 ice dragon scales (worn)
 s - a +0 pair of gloves (worn)
 x - the +0 cloak of Lust (worn) {Rampage}
   (You acquired it on level 7 of the Dungeon)

   Rampage:   It bestows one free step when moving towards enemies.
Jewellery
 k - a +4 ring of protection (left hand)
 E - a ring of poison resistance (right hand)
 F - an amulet of reflection (around neck)
 I - the ring "Vaepp" {rF+ Dex+5}
   (You found it on level 8 of the Dungeon)

   [ring of protection from fire]

   Dex:       It affects your dexterity (+5).
   rF:        It protects you from fire.
Wands
 v - a wand of mindburst (4)
 D - a wand of paralysis (23)
 G - a wand of flame (32)
Scrolls
 d - 5 scrolls of fog
 f - 4 scrolls of immolation
 j - 2 scrolls of magic mapping
 u - a scroll of enchant weapon
 A - 3 scrolls of amnesia
 B - a scroll of identify
 C - a scroll of vulnerability {unknown}
 J - a scroll of enchant armour {unknown}
 M - a scroll of holy word {unknown}
Potions
 g - 2 potions of mutation {unknown}
 l - a potion of degeneration {unknown}
 m - a potion of lignification {unknown}
 n - 2 potions of berserk rage
 o - 3 potions of curing {unknown}
 p - a potion of haste {unknown}
 t - 2 potions of brilliance {unknown}
 z - a potion of might {unknown}
 H - a potion of flight {unknown}
 K - a potion of attraction {unknown}


   Skills:
 + Level 7.2 Fighting
 * Level 8.7 Axes
 + Level 6.9 Armour
 + Level 5.2 Dodging
 + Level 7.2 Invocations


You had 9 spell levels left.
You didn't know any spells.
Your spell library contained the following spells:

 Spells                   Type           Power      Damage    Failure   Level
 Animate Skeleton         Necr           0%         N/A       80%         1
 Freeze                   Ice            0%         1d3       80%         1
 Pain                     Necr           0%         1d4       80%         1
 Conjure Flame            Conj/Fire      0%         6-21      99%         3
 Ignite Poison            Fire/Tmut/Pois 0%         N/A       99%         3
 Vampiric Draining        Necr           0%         2d6       99%         3
 Airstrike                Air            0%         N/A       100%        4
 Sticky Flame             Conj/Fire      0%         2d3       100%        4
 Summon Lightning Spire   Summ/Air       0%         N/A       100%        4
 Blade Hands              Tmut           0%         N/A       100%        5
 Irradiate                Conj/Tmut      0%         3d13      100%        5
 Lightning Bolt           Conj/Air       0%         1d11      100%        5
 Dragon Form              Tmut           0%         N/A       100%        7


Dungeon Overview and Level Annotations

Branches:
Dungeon (8/15)             Temple (1/1) D:6            Lair (1/6) D:8

Altars:
Ashenzari
Cheibriados
Dithmenos
Elyvilon
Gozag
Hepliaklqana
Kikubaaqudgha
Makhleb
Nemelex Xobeh
Okawaru
Qazlal
Sif Muna
Trog
Uskayaw
Vehumet
Wu Jian
Xom
Yredelemnul
Zin
The Shining One

Shops:
D:3 ?*?   D:6 (:*


Innate Abilities, Weirdness & Mutations

You cannot be hasted, slowed, berserked, paralysed or teleported.
You can dig through walls and to a lower floor.
You have a pair of large antennae on your head. (SInv)
Your four strong arms can wield two-handed weapons with a shield.


Message History

You hit the seven-headed hydra.
The seven-headed hydra is lightly wounded.
You block the seven-headed hydra's attack.
The seven-headed hydra bites you but does no damage.
The seven-headed hydra barely misses you.
The seven-headed hydra bites you.
You block the seven-headed hydra's attack.
The seven-headed hydra barely misses you.
The seven-headed hydra bites you.
The seven-headed hydra bites you but does no damage.
The seven-headed hydra closely misses you.
The seven-headed hydra bites you but does no damage. x4
The seven-headed hydra bites you.
You hit the seven-headed hydra.
The seven-headed hydra is moderately wounded.
The seven-headed hydra bites you! The seven-headed hydra bites you.
You block the seven-headed hydra's attack.
The seven-headed hydra bites you.
You block the seven-headed hydra's attack.
The seven-headed hydra bites you.
The seven-headed hydra bites you but does no damage.
Space bends sharply around you!
The seven-headed hydra blinks!
You blink.
The seven-headed hydra bites you.
* * * LOW HITPOINT WARNING * * *
The seven-headed hydra bites you!
* * * LOW HITPOINT WARNING * * *
The seven-headed hydra bites you!
* * * LOW HITPOINT WARNING * * *
The seven-headed hydra barely misses you.
The seven-headed hydra bites you but does no damage. x3
Press: ? - help, Shift-Dir - straight line, f - seven-headed hydra
Aim: a seven-headed hydra (moderately wounded, chance to affect: 53%)
The seven-headed hydra resists with significant effort.
The wolf bites you but does no damage. The seven-headed hydra bites you.
* * * LOW HITPOINT WARNING * * *
The seven-headed hydra bites you but does no damage.
You block the seven-headed hydra's attack.
The seven-headed hydra completely misses you.
The seven-headed hydra bites you.
You die...

##......# #.# #......#
P......# # #.###......#P
#......# #. #..##........
##......# ##.##§# #......P.
#P.....># #...#§# #..h.....
#......# ##.#..# #......P.
#......#####...#h###........
#.<=.......)...h...........P
#..............@...>........
#..............D............
#.....P..P..................
#....PPPP...................
#....PPPPPP.................
###....PPPPP#.P#.#.###.#.##.
#PPPP..PPP..##.### ####
#PP...PP.P#.##.#
#.PP.PPPPP#.##.#


You could see a seven-headed hydra and 2 wolves.

Vanquished Creatures
  2 two-headed ogres
  Joseph (D:7)
  A cane toad (Lair:1)
  Sigmund (D:2)
  A steam dragon (D:8)
  An ice beast (D:8)
  2 black bears
  3 wolves (Lair:1)
  A centaur (D:8)
  A kobold brigand (D:7)
  4 scorpions (D:7)
  A water moccasin skeleton (D:5)
  5 wights (D:6)
  A bullfrog zombie (D:6)
  2 jellies
  An orc priest (D:7)
  3 hounds
  A centaur skeleton (D:7)
  2 iguanas (D:5)
  An orc wizard (D:3)
  7 gnolls
  A howler monkey skeleton (D:7)
  11 adders
  2 white imps
  An adder skeleton (D:4)
  4 worms
  18 orcs
  6 ball pythons
  5 endoplasms
  5 giant cockroaches
  7 goblins
  8 hobgoblins
  6 jackals
  12 kobolds
  A quokka (D:1)
  13 bats
  2 frilled lizards
  5 rats
149 creatures vanquished.

Vanquished Creatures (others)
  15 fungi
  A plant (Lair:1)
16 creatures vanquished.

Grand Total: 165 creatures vanquished

Notes
Turn   | Place    | Note
-------+----------+-------------------------------------------
     0 | Abyss:1  | Gwenloh the Formicid Abyssal Knight began the quest for the
                  | Orb.
     0 | Abyss:1  | Reached XP level 1. HP: 18/18 MP: 2/2
     0 | Abyss:1  | Found a shimmering altar of Xom.
     0 | Abyss:1  | Found a shimmering altar of Xom.
     0 | Abyss:1  | Found a shimmering altar of Xom.
     1 | Abyss:1  | Found a shimmering altar of Xom.
     2 | Abyss:1  | Found a shimmering altar of Xom.
     2 | Abyss:1  | Found a shimmering altar of Xom.
     2 | Abyss:1  | Found a corrupted altar of Lugonu.
     2 | Abyss:1  | Found a shimmering altar of Xom.
     3 | Abyss:1  | Found a shimmering altar of Xom.
     3 | Abyss:1  | Found a shimmering altar of Xom.
    14 | D:1      | Escaped the Abyss
   267 | D:1      | Reached skill level 1 in Dodging
   425 | D:1      | Reached XP level 2. HP: 23/24 MP: 3/3
   737 | D:1      | Reached ** piety under Lugonu
   738 | D:1      | Reached XP level 3. HP: 29/29 MP: 4/4
   887 | D:2      | Noticed Sigmund
  1079 | D:1      | Reached XP level 4. HP: 26/36 MP: 6/6
  1307 | D:2      | Reached skill level 3 in Axes
  1716 | D:2      | Found a faded altar of an unknown god.
  1721 | D:2      | Got Plato's Catalogue of Cold
  1732 | D:2      | Found a shimmering blue altar of Sif Muna.
  1836 | D:2      | Identified the +9 mace "Impslayer" {vorpal, rCorr Dex+4}
  1963 | D:2      | Killed Sigmund
  1964 | D:2      | Reached XP level 5. HP: 38/42 MP: 7/7
  1964 | D:2      | Reached XP level 6. HP: 44/48 MP: 8/8
  2624 | D:3      | Reached skill level 4 in Axes
  2663 | D:3      | Found Cel Eqon's Magic Scroll Boutique.
  2670 | D:3      | Bought a scroll of identify for 26 gold pieces
  2670 | D:3      | Bought a scroll of identify for 26 gold pieces
  2723 | D:3      | Reached *** piety under Lugonu
  2736 | D:3      | Found an opulent altar of Gozag.
  2740 | D:3      | Found Dyhib's Assorted Antiques.
  2816 | D:3      | Bought a scroll of identify for 26 gold pieces
  2936 | D:3      | Found Geiladetz's Magic Scroll Boutique.
  2944 | D:3      | Bought a scroll of identify for 22 gold pieces
  3036 | D:3      | Found a shimmering altar of Xom.
  3732 | D:4      | Noticed a black bear
  3742 | D:4      | Killed a black bear
  3743 | D:4      | Reached XP level 7. HP: 37/55 MP: 9/9
  3925 | D:4      | Found a snail-covered altar of Cheibriados.
  4132 | D:5      | Entered Level 5 of the Dungeon
  4208 | D:5      | Found a radiant altar of Vehumet.
  4249 | D:5      | Found a hide-covered altar of Uskayaw.
  4455 | D:5      | Found a shimmering blue altar of Sif Muna.
  4534 | D:5      | Found a stormy altar of Qazlal.
  4640 | D:5      | Found an ornate altar of the Wu Jian Council.
  4716 | D:5      | Reached **** piety under Lugonu
  5199 | D:5      | Reached skill level 5 in Axes
  5362 | D:6      | Found Saqies's General Store.
  5420 | D:6      | Reached XP level 8. HP: 56/61 MP: 11/11
  5488 | D:6      | Found Vaenah Wuq's Book Shoppe.
  5498 | D:6      | Found Lymidaj's Weapon Emporium.
  5610 | D:6      | Found a staircase to the Ecumenical Temple.
  6013 | D:6      | Reached skill level 5 in Fighting
  6291 | Temple   | Entered the Ecumenical Temple
  6768 | D:7      | Noticed Joseph
  7294 | D:7      | Killed Joseph
  7295 | D:7      | Reached skill level 6 in Axes
  7295 | D:7      | Reached skill level 5 in Armour
  7295 | D:7      | Reached skill level 5 in Invocations
  7295 | D:7      | Reached XP level 9. HP: 37/69 MP: 11/13
  7961 | D:7      | Identified a scroll of acquirement
  7962 | D:7      | Acquired the +0 cloak of Lust {Rampage}
  8508 | D:7      | Noticed a two-headed ogre
  8534 | D:7      | Killed a two-headed ogre
  8535 | D:7      | Reached skill level 7 in Axes
  8773 | D:7      | Found the +7 Singing Sword {vorpal, sonic wave}
  8960 | D:8      | Identified the ring "Vaepp" {rF+ Dex+5}
  9062 | D:8      | Reached XP level 10. HP: 75/77 MP: 14/14
  9164 | D:8      | Found a staircase to the Lair.
  9358 | D:8      | Noticed a two-headed ogre
  9370 | D:8      | Killed a two-headed ogre
  9371 | D:8      | Reached skill level 8 in Axes
  9371 | D:8      | Reached skill level 5 in Dodging
  9953 | D:8      | Found a glowing golden altar of the Shining One.
  9953 | D:8      | Found an iron altar of Okawaru.
 10051 | Lair:1   | Entered Level 1 of the Lair of Beasts
 10056 | Lair:1   | Noticed a cane toad
 10067 | Lair:1   | Killed a cane toad
 10111 | Lair:1   | Noticed a seven-headed hydra
 10124 | Lair:1   | HP: 1/79 [seven-headed hydra (4)]
 10124 | Lair:1   | Slain by a seven-headed hydra

Illustrated notes

Levels and vault maps discovered:
D:1:      psy_arrival_statuary, layout_loops_ring
D:2:      layout_basic, basic_altar, shapermc_ecumenical_altar_rom_forum,
          uniq_sigmund
D:3:      layout_basic, mainiacjoe_overflow_catch_the_wave, serial_shops,
          shop_coins, nicolae_shop_hallway_plus, shop, corexii_leaking_fountain
D:4:      layout_rooms, mainiacjoe_overflow_alcove_1
D:5:      layout_loops_corners, old_standard_altar, old_standard_altar,
          mainiacjoe_overflow_boulevard, nicolae_qazlal_scattered_showers,
          pf_just_have_faith
D:6:      layout_gridville, temple_doors_e, serial_shops, shop,
          nicolae_shop_bloodbath_and_beyond, minivault_1, nicolae_stop_n_shop_2,
          roderic_serpentine_path
D:7:      old_forge, layout_cave_pools, corexii_hall_statues_x, uniq_joseph
D:8:      layout_layer_cave, amethyst_overflow_temple_binary, lair_entry_dummy,
          hangedman_glass_teeth
Temple:   dpeg_chambers_temple
Lair:1:   layout_big_grid, serial_forest, infiniplex_forest_lined_ring,
          infiniplex_forest_lined_2, infiniplex_forest_lined_2,
          infiniplex_forest_straight_1, infiniplex_forest_clump_C,
          infiniplex_forest_clump_C, infiniplex_forest_lined_room_2

Skill      XL: |  1  2  3  4  5  6  7  8  9 10 |
---------------+-------------------------------+-----
Dodging        | 1 2 3 4 5 |  5.2
Axes           | 3 4 5 6 7 8 |  8.7
Armour         | 3 4 5 6 |  6.9
Fighting       | 4 5 6 7 |  7.2
Invocations    | 3 4 5 6 7 |  7.2

Action                   |  1- 3 |  4- 6 |  7- 9 | 10-12 || total
-------------------------+-------+-------+-------+-------++-------
Melee: Hand axe          |    82 |    44 |       |       ||   126
       Mace              |       |    50 |   166 |    37 ||   253
 Fire: Hunting sling     |       |    35 |    86 |    11 ||   132
Throw: Stone             |     5 |     5 |     1 |       ||    11
       Boomerang         |       |       |    10 |     2 ||    12
Invok: Bend Space        |       |       |     1 |     1 ||     2
       Banish            |       |       |       |     1 ||     1
 Abil: Dig               |     1 |       |       |       ||     1
Evoke: Wand              |       |       |    11 |       ||    11
  Use: Scroll            |       |     6 |     3 |       ||     9
Armor: Ice dragon scales |    36 |    40 |    97 |    32 ||   205
       Leather armour    |     4 |       |       |       ||     4
Dodge: Dodged            |    60 |    39 |   116 |    32 ||   247
Block: Other             |       |       |       |    18 ||    18

Table legend: (Time is in decaauts)
 A = Elapsed time spent in this place.
 B = Non-inter-level travel time spent in this place.
 C = Inter-level travel time spent in this place.
 D = Time resting spent in this place.
 E = Time spent auto-exploring this place.
 F = Levels seen in this place.
 G = Mean time per level.
                   A        B        C        D        E       F      G
               +--------+--------+--------+--------+--------+-----+--------+
         Total |  10209 |   9819 |    390 |   1533 |   6621 |  11 |  928.1 |
       Dungeon |   9897 |   9533 |    364 |   1533 |   6407 |   8 | 1237.1 |
        Temple |    222 |    196 |     26 |      0 |    187 |   1 |  222.0 |
          Lair |     75 |     75 |      0 |      0 |     25 |   1 |   75.0 |
         Abyss |     14 |     14 |      0 |      0 |      2 |   1 |   14.0 |
               +--------+--------+--------+--------+--------+-----+--------+

Top non-repeatable levels by time:
     D:6: 2288 daAuts
     D:1: 1502 daAuts
     D:8: 1169 daAuts
     D:7: 1167 daAuts
     D:2: 1141 daAuts
     D:5: 1109 daAuts
     D:3: 960 daAuts
     D:4: 558 daAuts
  Temple: 222 daAuts
  Lair:1: 75 daAuts
 Abyss:1: 14 daAuts
